 Dungeon Crawl Stone Soup version 0.32-a0-928-g1cae6b7ea0 (webtiles) character file.

Game seed: 15384007444628924219

483 KennySheep the Chopper (level 6, -3/55 HPs)
             Began as a Mountain Dwarf Cinder Acolyte on Apr 12, 2024.
             Was a Believer of Ignis.
             Slain by a gnoll
             ... wielding a +0 flail
             ... led by a gnoll bouda
              (9 damage)
             ... on level 5 of the Dungeon on Apr 13, 2024.
             The game lasted 00:25:26 (4266 turns).

KennySheep the Chopper (MDCA)                       Turns: 4266, Time: 00:25:27

Health: -3/55      AC: 12    Str: 18    XL:     6   Next: 88%
Magic:  7/7        EV:  9    Int: 15    God:    Ignis [**....]
Gold:   278        SH:  0    Dex:  5    Spells: 5/7 levels left

rFire   + . .        a - -1 hand axe (flame)
rCold   . . .        (no shield)
rNeg    . . .        j - +0 ring mail
rPois   .            (no helmet)
rElec   .            (no cloak)
rCorr   .            (no gloves)
SInv    .            (no boots)
Will    .....        (no amulet) Stlth
                     (no ring)
HPRegen 0.29/turn    (no ring)
MPRegen 0.10/turn

%: no passive effects
@: weakened, fiery-armoured, hasted, very quick
A: runic magic, artefact enchanting
a: Renounce Religion, Fiery Armour, Foxfire Swarm, Rising Flame


You were on level 5 of the Dungeon.
You worshipped Ignis.
Ignis was pleased with you.
You visited 1 branch of the dungeon, and saw 5 of its levels.

You collected 278 gold pieces.

Inventory:

Hand Weapons
 a - a -1 hand axe of flaming (weapon)
Armour
 b - a +0 robe
 e - +0 fire dragon scales
 j - a +0 ring mail (worn)
Wands
 q - a wand of roots (9)
 w - a wand of charming (11)
Scrolls
 c - 2 scrolls of teleportation
 d - a scroll of silence {unknown}
 g - a scroll of enchant weapon {unknown}
 h - a scroll of blinking
 i - a scroll of immolation
 k - 2 scrolls of fog {unknown}
 m - a scroll of enchant armour {unknown}
 o - a scroll of fear {unknown}
 s - a scroll of revelation {unknown}
 t - 2 scrolls of identify {unknown}
 u - a scroll of brand weapon {unknown}
Potions
 f - 2 potions of magic
 l - a potion of attraction
 n - 2 potions of curing
 r - a potion of cancellation {unknown}
 v - a potion of might {unknown}


   Skills:
 + Level 4.9 Fighting
 * Level 6.8 Axes
 + Level 2.3 Armour
 - Level 1.0 Spellcasting
 + Level 5.4 Fire Magic


You had 5 spell levels left.
You knew the following spells:

 Your Spells              Type           Power      Damage    Failure   Level
a - Scorch                Fire           34%        2d6       4%          2

Your spell library contained the following spells:

 Spells                   Type           Power      Damage    Failure   Level


Dungeon Overview and Level Annotations

Branches:
Dungeon (5/15)
 Temple: D:4-7

Altars:
Okawaru

Shops:
D:1 [

Annotations:
D:4 1 runed translucent door, Cobbler's ghost, amateur GnSh


Innate Abilities, Weirdness & Mutations

Your spellcasting is much less encumbered by armour.
You can use scrolls of enchantment on lesser artefacts.


Message History

Things that are here:
a +2 spear of venom; a gnoll corpse A gnoll comes into view.
It is wielding a +0 flail.
The gnoll bouda hits you with a +0 club.
The gnoll bouda is burned by your cloak of flames.
The gnoll bouda is moderately wounded.
The gnoll hits you with a +0 halberd.
The gnoll is burned by your cloak of flames.
The gnoll is lightly wounded.
You hit the gnoll but do no damage.
The gnoll is lightly wounded.
You barely miss the gnoll bouda. The gnoll hits you but does no damage.
The gnoll is burned by your cloak of flames.
The gnoll is moderately wounded.
The gnoll bouda gazes fiercely through you!
You feel your attacks grow feeble. The gnoll bouda completely misses you.
A gnoll comes into view. It is wielding a +0 spear.
You hit the gnoll. You burn the gnoll.
The gnoll is severely wounded.
You barely miss the gnoll bouda.
The gnoll bouda gazes fiercely through you!
You feel as though you will be weak longer.
The gnoll bouda hits you with a +0 club.
* * * LOW HITPOINT WARNING * * *
The gnoll bouda is burned by your cloak of flames.
The gnoll bouda is heavily wounded.
The gnoll hits you with a +0 halberd.
* * * LOW HITPOINT WARNING * * *
The gnoll is burned by your cloak of flames.
You kill the gnoll!
You hear a shout!
It was a potion of haste.
You feel yourself speed up.
The gnoll bouda hits you with a +0 club.
* * * LOW HITPOINT WARNING * * *
The gnoll bouda is burned by your cloak of flames.
The gnoll bouda is severely wounded.
The gnoll hits you with a +0 flail!
You die...
Ignis goes out, and joins you in death.

#...).......#.###.
#)..#.#.#####.#...
#.............##..
#...##...........#
#...##............
#####...###########
#....(#.#
#.#.###.#.#
#.gg@.....#
.....>g#)#.###
...###.#.#.# #
#.#.#.# #.#.#.#
#.#...# #.##### #.


You could see a gnoll bouda and 2 gnolls.

Vanquished Creatures
  An ice beast (D:5)
  A phantom (D:4)
  A scorpion (D:5)
  Natasha (thrice) (D:2)
  2 gnolls (D:5)
  6 adders
  A ribbon worm (D:2)
  2 dart slugs
  2 orcs (D:4)
  8 bats
  10 endoplasms
  2 giant cockroaches
  7 goblins
  6 hobgoblins
  11 jackals
  5 quokkas
  11 ball pythons
  3 frilled lizards
  8 kobolds
  8 rats
98 creatures vanquished.

Notes
Turn   | Place    | Note
-------+----------+-------------------------------------------
     0 | D:1      | KennySheep the Mountain Dwarf Cinder Acolyte began the
                  | quest for the Orb.
     0 | D:1      | Reached XP level 1. HP: 19/19 MP: 2/2
   159 | D:1      | Reached skill level 4 in Axes
   160 | D:1      | Reached XP level 2. HP: 15/26 MP: 3/3
   458 | D:1      | Reached XP level 3. HP: 33/33 MP: 4/4
   516 | D:1      | Found Dequu's Armour Shop.
   839 | D:2      | Noticed Natasha
   867 | D:2      | Killed Natasha
   868 | D:2      | Reached XP level 4. HP: 4/40 MP: 5/5
  1015 | D:2      | Reached skill level 5 in Axes
  1294 | D:2      | Noticed Natasha
  1302 | D:2      | Killed Natasha
  1842 | D:2      | Noticed Natasha
  1862 | D:2      | Killed Natasha
  1863 | D:2      | Reached XP level 5. HP: 7/46 MP: 6/6
  2519 | D:2      | Learned a level 2 spell: Scorch
  2796 | D:3      | Reached skill level 1 in Armour
  3223 | D:4      | Found an iron altar of Okawaru.
  3467 | D:4      | Reached skill level 6 in Axes
  3583 | D:4      | Found a runed translucent door.
  3625 | D:4      | Noticed a phantom
  3652 | D:4      | Killed a phantom
  3653 | D:4      | Reached skill level 5 in Fire Magic
  3653 | D:4      | Reached XP level 6. HP: 46/53 MP: 7/7
  3833 | D:4      | Noticed Cobbler's ghost (amateur GnSh)
  3858 | D:5      | Entered Level 5 of the Dungeon
  3932 | D:5      | Noticed an ice beast
  3965 | D:5      | Killed an ice beast
  4266 | D:5      | Slain by a gnoll

Illustrated notes

Levels and vault maps discovered:
D:1:      tarquinn_simple_flora_water_e, layout_basic, serial_shops, shop
D:2:      mumra_celtic_spiral_tile, layout_basic, uniq_natasha
D:3:      layout_rooms, kennysheep_pointless_box
D:4:      layout_rooms, okawaru_metal_pillars_1_2, ebering_ghost_reflecting_pool
D:5:      layout_basic, mainiacjoe_overflow_alcove_2, cheibriados_altar_1,
          minmay_misc_feat_five

Skill      XL: |  1  2  3  4  5  6 |
---------------+-------------------+-----
Axes           | 4 5 6 |  6.8
Fire Magic     | 4 5 |  5.4
Fighting       | 4 |  4.9
Armour         | 1 2 |  2.3
Spellcasting   | |  1.0

Action                     |  1- 3 |  4- 6 || total
---------------------------+-------+-------++-------
  Melee: Hand axe          |   120 |   249 ||   369
 Invoke: Fiery Armour      |     3 |     5 ||     8
    Use: Potion            |       |     7 ||     7
         Scroll            |       |     3 ||     3
 Armour: Robe              |    96 |    80 ||   176
         Ring mail         |       |   122 ||   122
  Dodge: Dodged            |    70 |   140 ||   210

Table legend: (Time is in decaauts)
 A = Elapsed time spent in this place.
 B = Non-inter-level travel time spent in this place.
 C = Inter-level travel time spent in this place.
 D = Time resting spent in this place.
 E = Time spent auto-exploring this place.
 F = Levels seen in this place.
 G = Mean time per level.
                   A        B        C        D        E       F      G
               +--------+--------+--------+--------+--------+-----+--------+
         Total |   4289 |   4169 |    120 |    395 |   2922 |   5 |  857.8 |
       Dungeon |   4289 |   4169 |    120 |    395 |   2922 |   5 |  857.8 |
               +--------+--------+--------+--------+--------+-----+--------+

Top non-repeatable levels by time:
     D:2: 1901 daAuts
     D:1: 700 daAuts
     D:4: 672 daAuts
     D:3: 607 daAuts
     D:5: 406 daAuts
